 Dungeon Crawl Stone Soup version 0.31-a0-819-gf6de2f5ab6 (webtiles) character file.

Game seed: 8012314853735034487

884 qw the Skirmisher (level 8, -1/48 HPs)
             Began as a Gargoyle Hunter on Sept 23, 2023.
             Was a Believer of Okawaru.
             Slain by a gnoll
             ... wielding a +0 halberd
             ... led by a gnoll sergeant
              (13 damage)
             ... on level 6 of the Dungeon.
             The game lasted 00:01:39 (4192 turns).

qw the Skirmisher (Gargoyle Hunter)                 Turns: 4192, Time: 00:01:40

Health: -1/48      AC: 12    Str: 15    XL:     8   Next: 5%
Magic:  9/11       EV: 13    Int: 10    God:    Okawaru [**....]
Gold:   174        SH:  0    Dex: 15    Spells: 7/7 levels left

rFire   + . .        b - +1 orcbow
rCold   . . .        (shield currently unavailable)
rNeg    + . .        h - +0 ring mail
rPois   inf          (no helmet)
rElec   +            (no cloak)
rCorr   .            (no gloves)
SInv    .            (no boots)
Will    .....        d - amulet of faith
Stlth   +++          i - ring of protection from fire
HPRegen 0.28/turn    (no ring)
MPRegen 0.12/turn

%: faith
@: about to teleport, heroic
A: sickness immunity, AC +5, negative energy resistance 1, electricity
resistance, torment resistance 1, petrification resistance
a: Renounce Religion, Heroism


You were on level 6 of the Dungeon.
You worshipped Okawaru.
Okawaru was pleased with you.
You visited 2 branches of the dungeon, and saw 7 of its levels.

You collected 174 gold pieces.


Innate Abilities, Weirdness & Mutations

You are immune to sickness and miasma.
Your stone body is resilient. (AC +5)
You are immune to poison.
You resist negative energy. (rN+)
You are resistant to electric shocks. (rElec)
You are resistant to unholy torment.
You are immune to petrification.


   Skills:
 + Level 4.0(9.0) Fighting
 - Level 8.0(13.0) Ranged Weapons
 - Level 2.3(7.3) Armour
 - Level 1.5(6.5) Dodging
 - Level 1.1(6.1) Stealth
 - Level 4.0 Invocations


You had 7 spell levels left.
You didn't know any spells.
Your spell library was empty.

Inventory:

Hand Weapons
 b - a +1 orcbow (weapon)
Armour
 h - a +0 ring mail (worn)
Jewellery
 d - an amulet of faith (around neck)
 i - a ring of protection from fire (left hand)
Scrolls
 j - 2 scrolls of identify
Potions
 c - a potion of attraction {unknown}
 e - 2 potions of curing
 f - a potion of berserk rage {unknown}

Dungeon Overview and Level Annotations

Branches:
Dungeon (6/15)             Temple (1/1) D:4

Altars:
Ashenzari
Cheibriados
Dithmenos
Elyvilon
Fedhas
Gozag
Hepliaklqana
Kikubaaqudgha
Nemelex Xobeh
Okawaru
Qazlal
Ru
Sif Muna
Trog
Uskayaw
Wu Jian
Xom
Yredelemnul
Zin
The Shining One


Message History

Enter note:
Enter note:
4183 |||
Found retreat position at -2,-2 (floor) with 0 blocking monsters and 2 monsters attacking at destination at distance 4
4183 ||| Stepping ~*~*~tactically~*~*~ (retreating).
The gnoll moves out of view.
You shoot an arrow.
The arrow completely misses the gnoll sergeant.
You hear a shout!
The gnoll sergeant hits you from afar with a +0 trident of freezing.
The gnoll sergeant freezes you.
The gnoll sergeant hits you from afar with a +0 trident of freezing.
The gnoll sergeant freezes you.
You shoot an arrow.
The arrow barely misses the gnoll sergeant.
You hear a shout!
The gnoll sergeant hits you from afar with a +0 trident of freezing!
The gnoll sergeant freezes you.
4186 ||| INVOKING Heroism.
You gain the combat prowess of a mighty hero.
The gnoll sergeant hits you from afar with a +0 trident of freezing!
The gnoll sergeant freezes you.
Enter note:
Enter note:
4187 |||
Found retreat position at -3,-1 (floor) with 0 blocking monsters and 2 monsters attacking at destination at distance 3
4187 ||| Stepping ~*~*~tactically~*~*~ (retreating).
You shoot an arrow. The arrow hits the gnoll!
The gnoll is severely wounded.
You shoot an arrow. The gnoll sergeant blocks the arrow.
The gnoll sergeant hits you but does no damage.
You shoot an arrow. The gnoll sergeant blocks the arrow.
You shoot an arrow. The arrow hits the gnoll sergeant!
The gnoll sergeant is heavily wounded.
The gnoll barely misses you.
The gnoll sergeant hits you with a +0 trident of freezing.
The gnoll sergeant freezes you.
4192 ||| READING scroll of teleportation.
As you read the scroll of teleportation, it crumbles to dust.
You feel strangely unstable.
The gnoll hits you from afar with a +0 halberd!
You die...

........# ........#
........##########
'#'####........<.#
.................#
#.#####..........#
..#####..........#
.......#......#####
..####..........@g#
..# #...########g#
..# #...# #....g#
..# .... #.#.#'#
..# #. # #....# ###
......gg.
.#....#gg.
..#....#.... #.
#....# ...


You could see a gnoll sergeant and 2 gnolls.

Vanquished Creatures
  A black bear (D:5)
  A centaur (D:6)
  A bullfrog (D:6)
  4 scorpions
  3 wights
  2 jellies
  An orc priest (D:5)
  An iguana (D:6)
  6 adders
  2 dart slugs
  6 orcs (D:5)
  6 endoplasms
  3 giant cockroaches
  12 goblins
  7 hobgoblins
  3 jackals (D:1)
  3 quokkas
  7 ball pythons
  3 bats (D:1)
  3 frilled lizards
  7 kobolds
  4 rats
86 creatures vanquished.

Notes
Turn   | Place    | Note
-------+----------+-------------------------------------------
     0 | D:1      | qw the Gargoyle Hunter began the quest for the Orb.
     0 | D:1      | Reached XP level 1. HP: 12/12 MP: 1/1
     0 | D:1      | 0 ||| qw: Version: 0.3-a-83-gcd0e7d8
     0 | D:1      | 0 ||| qw: Game counter: 1696
     0 | D:1      | 0 ||| qw: Melee chars always use a shield: true
     0 | D:1      | 0 ||| qw: God list: Okawaru
     0 | D:1      | 0 ||| qw: Allow faded altars: false
     0 | D:1      | 0 ||| qw: Do Orc after clearing Dungeon:15 true
     0 | D:1      | 0 ||| qw: Do second Lair branch before Depths: true
     0 | D:1      | 0 ||| qw: Lair rune preference: random
     0 | D:1      | 0 ||| qw: Goals: Normal
     0 | D:1      | 0 ||| PLANNING D:1-11
   116 | D:1      | Reached XP level 2. HP: 16/17 MP: 2/2
   725 | D:1      | Found a faded altar of an unknown god.
   738 | D:1      | Found a faded altar of an unknown god.
   825 | D:1      | 825 ||| UPGRADING to amulet of faith.
   830 | D:1      | 830 ||| DROPPING ring of magical power.
   831 | D:1      | 831 ||| READING scroll labelled ZEOTUI XIDEKK.
   832 | D:1      | 832 ||| READING scroll labelled GODO RIWNUNWI.
   835 | D:1      | 835 ||| DROPPING scroll of butterflies.
   858 | D:2      | Reached XP level 3. HP: 17/21 MP: 3/3
   971 | D:2      | Reached skill level 5 in Ranged Weapons
  1141 | D:2      | Found a stormy altar of Qazlal.
  1359 | D:2      | 1359 ||| READING scroll labelled VUAFEPAHEA.
  1360 | D:2      | 1360 ||| DRINKING 2 fizzy inky potions.
  1394 | D:3      | Reached skill level 3 in Fighting
  1394 | D:3      | Reached XP level 4. HP: 28/28 MP: 4/4
  1397 | D:3      | Identified the +4 dagger "Haeg" {venom, rC+ rN+ Str+3}
  1502 | D:3      | Found a hazy altar of Hepliaklqana.
  1850 | D:3      | Found a bloodstained altar of Trog.
  1858 | D:3      | 1858 ||| FLEEEEING.
  1859 | D:3      | 1859 ||| FLEEEEING.
  2067 | D:3      | 2067 ||| READING scroll labelled XAEROO VATU.
  2068 | D:3      | 2068 ||| READING scroll labelled WULOFO UH IPT.
  2069 | D:3      | 2069 ||| READING 2 scrolls labelled YTOM WUBLIKU.
  2070 | D:3      | 2070 ||| READING 2 scrolls labelled ATAUGH AREE.
  2071 | D:3      | 2071 ||| DROPPING scroll of vulnerability.
  2157 | D:4      | Found a staircase to the Ecumenical Temple.
  2158 | D:4      | 2158 ||| PLANNING TEMPLE
  2164 | Temple   | Entered the Ecumenical Temple
  2165 | Temple   | 2165 ||| PLANNING OKAWARU WORSHIP
  2173 | Temple   | Became a worshipper of Warmaster Okawaru
  2174 | Temple   | 2174 ||| PLANNING D:1-11
  2200 | D:4      | Reached XP level 5. HP: 32/32 MP: 5/5
  2247 | D:4      | Reached skill level 6 in Ranged Weapons
  2594 | D:4      | 2594 ||| UPGRADING to +0 ring mail.
  2604 | D:4      | 2604 ||| DROPPING +0 leather armour.
  2605 | D:4      | 2605 ||| READING 2 scrolls of identify.
  2605 | D:4      | 2605 ||| IDENTIFYING fizzy purple potion
  2606 | D:4      | 2606 ||| DROPPING potion of invisibility.
  2610 | D:5      | Entered Level 5 of the Dungeon
  2675 | D:5      | Reached XP level 6. HP: 37/37 MP: 6/6
  2681 | D:5      | Reached * piety under Okawaru
  2682 | D:5      | 2682 ||| INVOKING Heroism.
  2778 | D:5      | Identified the +2 scale mail "Ganablog" {rElec rPois}
  3002 | D:5      | Found a sacrificial altar of Ru.
  3002 | D:5      | Found a snail-covered altar of Cheibriados.
  3002 | D:5      | Found a broken altar of Ashenzari.
  3039 | D:5      | Reached skill level 1 in Invocations
  3350 | D:5      | 3350 ||| UPGRADING to ring of protection from fire.
  3351 | D:5      | 3351 ||| READING scroll labelled SOHU NOTAYCIA.
  3352 | D:5      | 3352 ||| DRINKING 2 fuming dark potions.
  3353 | D:5      | 3353 ||| READING 2 scrolls of identify.
  3353 | D:5      | 3353 ||| IDENTIFYING murky white potion
  3354 | D:5      | 3354 ||| DROPPING potion of degeneration.
  3382 | D:6      | 3382 ||| FLEEEEING.
  3383 | D:6      | 3383 ||| STAIRDANCE
  3447 | D:6      | Noticed a black bear
  3448 | D:6      | 3448 ||| STAIRDANCE
  3512 | D:6      | 3512 ||| STAIRDANCE
  3514 | D:5      | 3514 ||| INVOKING Heroism.
  3522 | D:5      | Killed a black bear
  3523 | D:5      | Reached skill level 7 in Ranged Weapons
  3523 | D:5      | Reached XP level 7. HP: 17/43 MP: 4/8
  3620 | D:6      | 3620 ||| STAIRDANCE
  3629 | D:5      | 3629 ||| INVOKING Heroism.
  3630 | D:5      | HP: 10/43 [wight/+3 mace (2)]
  3631 | D:5      | 3631 ||| READING 2 scrolls of teleportation.
  3632 | D:5      | 3632 ||| DRINKING potion of heal wounds.
  3696 | D:6      | 3696 ||| STAIRDANCE
  3729 | D:6      | 3729 ||| STAIRDANCE
  3801 | D:6      | 3801 ||| STAIRDANCE
  3824 | D:6      | Reached skill level 3 in Invocations
  3834 | D:6      | 3834 ||| SWAPPING to +0 orcbow.
  3835 | D:6      | 3835 ||| DROPPING +1 shortbow.
  3864 | D:6      | 3864 ||| INVOKING Heroism.
  3918 | D:6      | 3918 ||| READING scroll of enchant weapon.
  3918 | D:6      | 3918 ||| ENCHANTING +0 orcbow.
  3926 | D:6      | 3926 ||| Stepping ~*~*~tactically~*~*~ (retreating).
  3927 | D:6      | 3927 ||| Stepping ~*~*~tactically~*~*~ (retreating).
  3928 | D:6      | 3928 ||| Stepping ~*~*~tactically~*~*~ (retreating).
  3929 | D:6      | 3929 ||| Stepping ~*~*~tactically~*~*~ (retreating).
  3930 | D:6      | 3930 ||| Stepping ~*~*~tactically~*~*~ (retreating).
  3931 | D:6      | 3931 ||| Stepping ~*~*~tactically~*~*~ (retreating).
  3932 | D:6      | 3932 ||| Stepping ~*~*~tactically~*~*~ (retreating).
  3933 | D:6      | 3933 ||| Stepping ~*~*~tactically~*~*~ (retreating).
  3934 | D:6      | 3934 ||| INVOKING Heroism.
  3940 | D:6      | Reached ** piety under Okawaru
  3943 | D:6      | Reached skill level 8 in Ranged Weapons
  3943 | D:6      | Reached XP level 8. HP: 25/48 MP: 8/11
  4182 | D:6      | 4182 ||| RETREEAATING.
  4183 | D:6      | 4183 ||| Stepping ~*~*~tactically~*~*~ (retreating).
  4186 | D:6      | 4186 ||| INVOKING Heroism.
  4187 | D:6      | 4187 ||| Stepping ~*~*~tactically~*~*~ (retreating).
  4191 | D:6      | HP: 12/48 [gnoll sergeant/+0 trident of freezing (1)]
  4192 | D:6      | 4192 ||| READING scroll of teleportation.
  4192 | D:6      | Slain by a gnoll

Levels and vault maps discovered:
D:1:      dpeg_arrival_simpleton_a, layout_loops_ring,
          hellmonk_ecumenical_altar_the_god_not_taken, serial_park_tiny_pond,
          st_stairs_2
D:2:      layout_basic, basic_altar, hex_medium
D:3:      layout_rooms, trog_hazing_becter, nicolae_hepliaklqana_hazy_memory,
          bh_walls_and_bars
D:4:      layout_cave_pools, minmay_temple_entry_waves
D:5:      layout_loops_ring, gammafunk_temple_overflow_forgotten,
          grunt_ministairs_15
D:6:      layout_basic, kennysheep_generic_room_16
Temple:   hellmonk_temple_of_storms

Skill      XL: |  1  2  3  4  5  6  7 |
---------------+----------------------+-----
Ranged Weapons | 5 6 7 8 |  8.0
Fighting       | 3 4 |  4.0
Armour         | 2 |  2.3
Invocations    | 2 4 |  4.0
Dodging        | |  1.5
Stealth        | |  1.1

Action                     |  1- 3 |  4- 6 |  7- 9 || total
---------------------------+-------+-------+-------++-------
   Fire: Shortbow          |   101 |   175 |    21 ||   297
         Orcbow            |       |       |    30 ||    30
 Invoke: Heroism           |       |     2 |     4 ||     6
    Use: Scroll            |     3 |     7 |     3 ||    13
         Potion            |     1 |     1 |     1 ||     3
 Armour: Leather armour    |    30 |    28 |       ||    58
         Ring mail         |       |    46 |    47 ||    93
  Dodge: Dodged            |    17 |    80 |    34 ||   131

Table legend:
 A = Non-vault XP
 B = Vault XP
 C = Vault XP percentage of total XP
 D = Non-vault monster count
 E = Vault monster count
 F = Vault count percentage of total count
                 A         B        C        D         E       F
            +---------+---------+-------+---------+---------+-------
      Total |    1194 |      70 |   5.5 |      72 |      14 |  16.3
            +---------+---------+-------+---------+---------+-------
        D:1 |      30 |       3 |   9.1 |      18 |       2 |  10.0
        D:2 |      38 |       0 |   0.0 |      14 |       0 |   0.0
        D:3 |      62 |      12 |  16.2 |      17 |       6 |  26.1
        D:4 |      82 |       0 |   0.0 |      10 |       0 |   0.0
        D:5 |     540 |      55 |   9.2 |       7 |       6 |  46.2
        D:6 |     442 |       0 |   0.0 |       6 |       0 |   0.0
            +---------+---------+-------+---------+---------+-------
